 Dungeon Crawl Stone Soup version 0.28-a0-819-g6ef7baa362 (webtiles) character file.

Game seed: 15425207244877222828

30 ytrimaz the Conjurer (level 3, -4/21 HPs)
             Began as an Octopode Conjurer on Nov 8, 2021.
             Killed from afar by Sigmund (7 damage)
             ... with a magic dart
             ... on level 2 of the Dungeon.
             The game lasted 00:03:09 (1979 turns).

ytrimaz the Conjurer (Octopode Conjurer)            Turns: 1979, Time: 00:03:10

Health: -4/21      AC:  1    Str:  6    XL:     3   Next: 18%
Magic:  6/6        EV: 13    Int: 21    God:
Gold:   81         SH:  0    Dex: 10    Spells: 5/6 levels left

rFire   . . .      SeeInvis .   (no weapon)
rCold   . . .      Faith    .   (no shield)
rNeg    . . .      Spirit   .   (helmet restricted)
rPois   .          Reflect  .   (no amulet)
rElec   .          Harm     .   (no ring)
rCorr   .          Rampage  .   (no ring)
Will    .....                   (no ring)
Stlth   +++.......              (no ring)
HPRegen 0.07/turn               (no ring)
MPRegen 0.10/turn               (no ring)
                                (no ring)
                                (no ring)

@: no status effects
A: almost no armour, amphibious, 8 rings, camouflage 1, gelatinous body 1,
(nimble swimmer 1), tentacles
a: no special abilities


You were on level 2 of the Dungeon.
You visited 1 branch of the dungeon, and saw 2 of its levels.

You collected 81 gold pieces.

Inventory:

Jewellery
 d - an amulet of the acrobat
Scrolls
 e - 3 scrolls of noise {unknown}
 f - a scroll of enchant armour {unknown}
 g - a scroll of blinking {unknown}
Potions
 a - 2 potions of haste {unknown}
 b - 2 potions of might {unknown}
 c - 2 potions of heal wounds {unknown}
 h - a potion of mutation {unknown}


   Skills:
 * Level 2.1 Dodging
 - Level 2.8 Stealth
 * Level 0.5 Unarmed Combat
 * Level 2.3 Spellcasting
 + Level 4.5 Conjurations


You had 5 spell levels left.
You knew the following spells:

 Your Spells              Type           Power      Damage    Failure   Level
a - Magic Dart            Conj           84%        1d7       2%          1

Your spell library contained the following spells:

 Spells                   Type           Power      Damage    Failure   Level
 Searing Ray              Conj           42%        2d6       3%          2
 Dazzling Flash           Conj/Hex       22%        N/A       17%         3
 Fulminant Prism          Conj/Hex       5%         3d7       50%         4
 Iskenderun's Mystic Bla  Conj/Tloc      11%        2d4       50%         4


Dungeon Overview and Level Annotations

Branches:
Dungeon (2/15)

Altars:

Annotations:
D:2 Sigmund


Innate Abilities, Weirdness & Mutations

You cannot wear most types of armour.
You are amphibious.
You can wear up to eight rings at the same time.
Your skin changes colour to match your surroundings (Stealth+).
Your rubbery body absorbs attacks. (AC +1, EV +1)
((You are camouflaged near water. (Stealth+)))
You have tentacles for arms and can constrict up to eight enemies at once.


Message History

Sigmund points at you and mumbles some strange words.
You resist with significant effort. Sigmund gestures at you while chanting.
You resist with significant effort.
Sigmund points at you and mumbles some strange words.
You are confused.
You're too confused to move!
You bump into the rock wall.
You feel less confused.
Sigmund points at you and mumbles some strange words.
The magic dart hits you! Sigmund casts a spell at you.
You are confused.
Sigmund casts a spell at you.
You are more confused.
You're too confused to move!
Sigmund casts a spell at you. The magic dart hits you.
* * * LOW HITPOINT WARNING * * *
You bump into the rock wall.
Sigmund closely misses you.
You bump into the rock wall.
Sigmund closely misses you. Sigmund gestures at you while chanting.
You are more confused.
Sigmund gestures at you while chanting.
You are more confused.
You're too confused to move!
Sigmund screams, "You will never...
NEVER!!!"
Sigmund closely misses you.
You bump into the rock wall.
Sigmund barely misses you.
Sigmund mumbles some strange words.
Sigmund flickers and vanishes!
Deactivating autopickup; reactivate with Ctrl-A.
You hear some strange, mumbled words.
Something tries to affect you, but you resist.
You bump into the rock wall.
You feel less confused.
A magic dart appears from out of thin air!
The magic dart hits you!
You die...

#.......# #..
#########.......#########..
#.......#.......'.......'..
#.......#.......#########..
#.......####+###.########..
#.........##.# #...........
######'##.##.###.##########
#######'##.##.#.............
#...[......@..{...#+#..###..
#..........#.##.##.....# #..
#..........#....##.....###..
###..........#####..........
#.......<..# #...#####..
#..........# #.......+..
#..........# #...#####..
#..........# #...# ###
#..........# #####


There were no monsters in sight!

Vanquished Creatures
  2 dart slugs (D:1)
  3 bats
  4 endoplasms (D:1)
  A hobgoblin (D:1)
  4 kobolds
  3 quokkas (D:1)
  2 ball pythons (D:1)
  3 frilled lizards (D:1)
  3 rats (D:1)
25 creatures vanquished.

Vanquished Creatures (others)
  A fungus (D:2)
  A plant (D:2)
2 creatures vanquished.

Grand Total: 27 creatures vanquished

Notes
Turn   | Place    | Note
-------+----------+-------------------------------------------
     0 | D:1      | ytrimaz the Octopode Conjurer began the quest for the Orb.
     0 | D:1      | Reached XP level 1. HP: 11/11 MP: 3/3
   739 | D:1      | Reached XP level 2. HP: 12/17 MP: 1/5
  1473 | D:1      | Reached XP level 3. HP: 21/21 MP: 2/6
  1768 | D:2      | Noticed a black bear
  1926 | D:2      | Noticed Sigmund
  1979 | D:2      | Killed from afar by Sigmund

Illustrated notes

Levels and vault maps discovered:
D:1:      shiori_shiawase, layout_basic, serial_bayou_ford_a
D:2:      layout_basic, basic_altar, shapermc_ecumenical_altar_acropolis,
          uniq_sigmund

Action                   || total
-------------------------++-------
Melee: Unarmed           ||    20
       Constrict         ||     3
       Tentacles         ||     2
 Cast: Magic Dart        ||    53
Armor: Skin              ||     3
Dodge: Dodged            ||    32

Table legend: (Time is in decaauts)
 A = Elapsed time spent in this place.
 B = Non-inter-level travel time spent in this place.
 C = Inter-level travel time spent in this place.
 D = Time resting spent in this place.
 E = Time spent auto-exploring this place.
 F = Levels seen in this place.
 G = Mean time per level.
                   A        B        C        D        E       F      G
               +--------+--------+--------+--------+--------+-----+--------+
         Total |   1979 |   1940 |     39 |    331 |   1382 |   2 |  989.5 |
       Dungeon |   1979 |   1940 |     39 |    331 |   1382 |   2 |  989.5 |
               +--------+--------+--------+--------+--------+-----+--------+

Top non-repeatable levels by time:
     D:1: 1763 daAuts
     D:2: 216 daAuts
